 Dungeon Crawl Stone Soup version 0.28-a0-1159-g27aa881441 (webtiles) character file.

Game seed: 10612590571940379604

30244 hazymike the Fighter (level 13, -10/121 HPs)
             Began as an Ogre Fighter on Dec 14, 2021.
             Was a High Priest of Hepliaklqana.
             Shot with an arrow by Nessos (13 damage)
             ... on level 4 of the Lair of Beasts on Dec 15, 2021.
             The game lasted 02:51:10 (21418 turns).

hazymike the Fighter (Ogre Fighter)                Turns: 21418, Time: 02:51:11

Health: -10/121    AC:  6    Str: 29    XL:     13   Next: 50%
Magic:  19/19      EV: 11    Int: 13    God:    Hepliaklqana [*****.]
Gold:   2272       SH:  5    Dex:  8    Spells: 3/20 levels left

rFire   . . .      SeeInvis .   a - +4 morningstar (freeze)
rCold   . . .      Faith    .   (no shield)
rNeg    . . .      Spirit   .   B - +0 troll leather armour
rPois   +          Reflect  +   C - +0 hat
rElec   .          Harm     .   u - +0 cloak
rCorr   .          Rampage  .   (gloves unavailable)
Will    +....                   (boots unavailable)
Stlth   +.........              d - amulet "Soniogan" {Reflect Regen+ SH+5}
HPRegen 1.90/turn               M - ring of poison resistance
MPRegen 0.16/turn               c - +6 ring of strength

@: lethally poisoned (-10 -> -13)
A: reduced essence, large, unfitting armour, tough skin 1
a: Renounce Religion, Recall Ancestor, Ancestor Identity, Transference, Idealise


You were on level 4 of the Lair of Beasts.
You worshipped Hepliaklqana.
Hepliaklqana was extremely pleased with you.
You visited 3 branches of the dungeon, and saw 16 of its levels.

You collected 2753 gold pieces.
You spent 481 gold pieces at shops.

Inventory:

Hand Weapons
 a - a +4 morningstar of freezing (weapon)
 J - the +8 long sword of the Dead {freeze, rElec}
   (You found it on level 10 of the Dungeon)

   It freezes those it strikes, dealing additional cold damage.
   It can also slow down cold-blooded creatures.
   rElec:     It insulates you from electricity.
Missiles
 o - 17 large rocks (quivered)
 p - 6 boomerangs
 y - 5 throwing nets
 G - a curare-tipped dart
Armour
 u - a +0 cloak (worn)
 B - a +0 troll leather armour (worn)
 C - a +0 hat (worn)
Magical Staves
 D - a staff of poison
Jewellery
 c - a +6 ring of strength (right hand)
 d - the amulet "Soniogan" (around neck) {Reflect Regen+ SH+5}
   (You bought it in a shop on level 6 of the Dungeon)

   [amulet of reflection]

   It reflects blocked missile attacks.
   Regen:     It increases your rate of health regeneration.
   SH:        It affects your SH (+5).
 k - a ring of protection from fire
 m - a ring of positive energy
 M - a ring of poison resistance (left hand)
 N - a +4 ring of protection
 O - a ring of magical power
Wands
 s - a wand of polymorph (15)
 t - a wand of iceblast (4)
 v - a wand of mindburst (16)
 E - a wand of digging (9)
 I - a wand of paralysis (4)
 L - a wand of flame (12)
Scrolls
 e - a scroll of fear {unknown}
 f - 3 scrolls of teleportation
 x - 2 scrolls of blinking
 A - 3 scrolls of immolation
 H - 2 scrolls of amnesia
 K - a scroll of enchant armour {unknown}
 P - a scroll of fog {unknown}
Potions
 b - 3 potions of heal wounds {unknown}
 g - 2 potions of brilliance {unknown}
 h - 6 potions of curing
 i - a potion of invisibility
 j - 4 potions of attraction
 l - a potion of magic
 n - 2 potions of haste
 q - a potion of flight
 r - 3 potions of might
 w - a potion of ambrosia
 z - 2 potions of cancellation
 F - a potion of resistance


   Skills:
 + Level 10.6 Fighting
 * Level 10.2 Maces & Flails
 + Level 8.7 Throwing
 + Level 7.5 Dodging
 - Level 2.6 Shields
 - Level 4.0 Spellcasting
 + Level 3.7 Conjurations
 - Level 6.0 Hexes
 + Level 5.5 Translocations
 - Level 6.0 Air Magic
 - Level 6.0 Poison Magic
 + Level 3.2 Invocations


You had 3 spell levels left.
You knew the following spells:

 Your Spells              Type           Power      Damage    Failure   Level
a - Poisonous Vapours     Pois/Air       36%        N/A       3%          2
b - Tukima's Dance        Hex            18%        N/A       6%          3
c - Blink                 Tloc           34%        N/A       3%          2
d - Slow                  Hex            72%        N/A       1%          1
e - Mephitic Cloud        Conj/Pois/Air  16%        N/A       8%          3
f - Manifold Assault      Tloc           17%        N/A       54%         5
g - Apportation           Tloc           34%        N/A       2%          1

Your spell library contained the following spells:

 Spells                   Type           Power      Damage    Failure   Level
 Magic Dart               Conj           48%        1d5       4%          1
 Static Discharge         Conj/Air       15%        N/A       4%          2
 Confusing Touch          Hex            18%        N/A       6%          3
 Sting                    Tmut/Pois      40%        1d5       7%          1
 Corpse Rot               Necr/Air       20%        N/A       10%         2
 Ensorcelled Hibernation  Hex/Ice        20%        N/A       10%         2
 Summon Guardian Golem    Hex/Summ       10%        N/A       21%         3
 Animate Skeleton         Necr           4%         N/A       22%         1
 Sandblast                Erth           4%         2d4       22%         1
 Summon Small Mammal      Summ           8%         N/A       22%         1
 Stone Arrow              Conj/Erth      14%        3d7       32%         3
 Call Imp                 Summ           2%         N/A       34%         2
 Passwall                 Tmut/Erth      1%         N/A       34%         2
 Vampiric Draining        Necr           2%         2d6       56%         3
 Olgreb's Toxic Radiance  Pois           18%        N/A       19%         4
 Summon Lightning Spire   Summ/Air       10%        N/A       54%         4
 Lightning Bolt           Conj/Air       7%         1d20      65%         5
 Summon Mana Viper        Hex/Summ       10%        N/A       88%         5
 Summon Forest            Summ/Tloc      4%         N/A       90%         5
 Summon Cactus Giant      Summ           1%         N/A       100%        6
 Malign Gateway           Summ/Tloc      4%         N/A       100%        7
 Orb of Destruction       Conj           6%         9d3       100%        7
 Spellforged Servitor     Conj/Summ      3%         N/A       100%        7
 Storm Form               Tmut/Air       5%         N/A       100%        7
 Maxwell's Capacitive Co  Air            9%         ∞         100%        8
 Summon Horrible Things   Summ           1%         N/A       100%        8
 Dragon's Call            Summ           1%         N/A       100%        9


Dungeon Overview and Level Annotations

Branches:
Dungeon (11/15)            Temple (1/1) D:7            Lair (4/6) D:10
 Spider (0/4) Lair:3          Orc (0/2) D:11
  Swamp: Lair:2-4    Shoals: Lair:2-4

Altars:
Ashenzari
Cheibriados
Dithmenos
Elyvilon
Fedhas
Gozag
Hepliaklqana
Kikubaaqudgha
Makhleb
Nemelex Xobeh
Okawaru
Qazlal
Ru
Sif Muna
Trog
Uskayaw
Vehumet
Wu Jian
Xom
Yredelemnul
Zin
The Shining One

Shops:
D:6 =[(=

Annotations:
D:8 exclusion: two-headed ogre
Lair:4 Nessos


Innate Abilities, Weirdness & Mutations

Your life essence is reduced to manifest your ancestor. (-10% HP)
You are too large for most types of armour.
You have tough skin. (AC +1)


Message History

o - 16 large rocks (gained 1)
o - 17 large rocks (gained 1) Done exploring.
Done exploring.
There is a stone staircase leading down here.
You climb downwards.
There is a stone staircase leading up, spattered with blood here.
Chitauli has departed this plane of existence.
There is a stone staircase leading up, spattered with blood here.
Nessos the Markscentaur comes into view.
Nessos shouts!
Nessos casts a spell.
Nessos seems to speed up.
Nessos casts a spell.
Nessos blinks!
Press: ? - help, v - describe, . - travel
Here: Nessos, wearing a +0 barding and quivering arrows (fast)
The floor.
Nessos wields a +1 longbow of flaming.
It bursts into flame!
Nessos shoots an arrow.
The arrow hits you! The arrow burns you.
Nessos shoots an arrow.
The arrow closely misses you.
Nessos gestures wildly while chanting.
Nessos blinks!
Nessos shoots an arrow.
The arrow hits you!! The arrow burns you!
Nessos shoots an arrow.
The arrow hits you! The arrow burns you.
Nessos shoots an arrow.
The arrow closely misses you.
Found 18 gold pieces.
Nessos shoots an arrow.
The arrow barely misses you.
Nessos shoots an arrow.
The arrow barely misses you.
Nessos shoots an arrow.
The arrow hits you! The arrow burns you.
Nessos shoots an arrow.
The arrow hits you!
* * * LOW HITPOINT WARNING * * *
The arrow burns you.
You are poisoned.
* * * LOW HITPOINT WARNING * * *
You feel very sick.
Nessos gestures wildly while chanting.
Nessos blinks!
Nessos shoots an arrow.
The arrow hits you!!
* * * LOW HITPOINT WARNING * * *
The arrow burns you!
You die...

.$.......##
#.P#..#.c.#..
....#.....#..#..##
.........§......##
#.......##.......#
..#.#..#.......##
#>#.#...#..#...#
#.......P......##
#........@......#
#.....>##....P.##
##<.....##.....##
##.P...###..#...#
#......##P.#.#.##
##..............#
#.#####.####+..#
#P.# #.# #.## ##.#
### #.#


You could see Nessos (fast).

Vanquished Creatures
  5 hydras
  Harold (D:8)
  A two-headed ogre (D:8)
  2 death yaks (Lair:1)
  A manticore (D:11)
  2 cyclopes (D:11)
  Joseph (D:8)
  A black mamba (Lair:1)
  2 elephants
  A torpor snail (Lair:2)
  3 cane toads
  2 komodo dragons
  3 trolls
  A polar bear (Lair:1)
  Grinder (D:4)
  8 blink frogs
  2 vampires
  3 wyverns
  16 yaks
  Grum (D:8)
  2 steam dragons
  6 vampire mosquitoes
  4 basilisks
  Menkaure (D:6)
  11 water moccasins
  5 orc warriors
  A sky beast (D:7)
  2 ice beasts
  3 black bears
  2 swamp drakes (D:10)
  7 wolves
  11 centaurs
  An ogre (D:6)
  A phantom (D:6)
  4 kobold brigands
  4 scorpions
  12 bullfrogs
  A water moccasin zombie (D:5)
  A wyvern skeleton (D:7)
  12 killer bees
  3 wights (D:9)
  11 howler monkeys
  4 centaur zombies
  3 hounds
  2 jellies
  6 orc priests
  A bullfrog skeleton (D:4)
  A scorpion zombie (D:5)
  A centaur skeleton (D:7)
  4 iguanas
  5 orc wizards
  Natasha (thrice) (D:3)
  2 hell rats (Lair:2)
  A killer bee zombie (D:7)
  Robin (D:4)
  3 howler monkey zombies
  3 gnolls (D:4)
  3 howler monkey skeletons
  2 adders
  4 river rats (Lair:2)
  A shadow imp (D:7)
  2 ufetubi
  An adder skeleton (D:4)
  2 worms (D:2)
  2 dart slugs
  27 orcs
  12 bats
  8 endoplasms
  2 giant cockroaches (D:2)
  26 goblins
  12 hobgoblins
  10 jackals
  3 quokkas
  A ball python (D:1)
  2 frilled lizards
  11 kobolds
  4 rats
337 creatures vanquished.

Vanquished Creatures (collateral kills)
  A hydra (Lair:1)
  A two-headed ogre (D:11)
  A black mamba (Lair:2)
  2 centaur zombies
  A cane toad (Lair:2)
  A rime drake (Lair:1)
  A blink frog (Lair:2)
  A wyvern (D:10)
  7 yaks
  A black bear (Lair:2)
  2 wolves (Lair:2)
  4 centaurs (D:11)
  A bullfrog (Lair:1)
  6 killer bees
  5 wights (D:9)
  A howler monkey (D:8)
  An orc priest (D:8)
  3 river rats (Lair:2)
  An orc (D:11)
  2 rats (Lair:2)
43 creatures vanquished.

Vanquished Creatures (others)
  3 dancing weapons
  4 ancestors
  14 hexers
  A bush (D:6)
  12 fungi
  48 plants
82 creatures vanquished.

Grand Total: 462 creatures vanquished

Notes
Turn   | Place    | Note
-------+----------+-------------------------------------------
     0 | D:1      | hazymike the Ogre Fighter began the quest for the Orb.
     0 | D:1      | Reached XP level 1. HP: 24/24 MP: 1/1
   363 | D:1      | Reached XP level 2. HP: 30/32 MP: 2/2
   748 | D:1      | Upgraded the game from 0.28-a0-1152-g9c71ebef14 to
                  | 0.28-a0-1159-g27aa881441
   859 | D:1      | Reached XP level 3. HP: 40/40 MP: 3/3
   862 | D:1      | Learned a level 2 spell: Poisonous Vapours
  1809 | D:2      | Got the Grimoire of Summoning
  1833 | D:2      | Reached XP level 4. HP: 49/49 MP: 4/4
  2786 | D:3      | Noticed Natasha
  2820 | D:3      | Killed Natasha
  2830 | D:3      | Noticed Natasha
  3157 | D:3      | Killed Natasha
  3158 | D:3      | Reached XP level 5. HP: 30/55 MP: 3/6
  3331 | D:3      | Reached skill level 5 in Fighting
  3331 | D:3      | Reached skill level 1 in Spellcasting
  3428 | D:3      | Noticed a phantom
  3517 | D:3      | Noticed Natasha
  3524 | D:3      | Killed Natasha
  3525 | D:3      | Reached skill level 1 in Poison Magic
  3596 | D:3      | Noticed an ogre
  3598 | D:3      | an ogre changed into an endoplasm
  3615 | D:3      | Found a faded altar of an unknown god.
  3723 | D:3      | Reached skill level 1 in Air Magic
  3723 | D:3      | Reached XP level 6. HP: 66/66 MP: 7/7
  4539 | D:4      | Noticed Sigmund
  4769 | D:4      | Noticed Robin
  4849 | D:4      | Noticed Sigmund
  4849 | D:4      | Sigmund changed into Sigmund the bat
  4864 | D:4      | Killed Sigmund the bat
  4877 | D:4      | Learned a level 3 spell: Tukima's Dance
  5193 | D:4      | Killed Robin
  5311 | D:4      | Noticed Grinder
  5591 | D:4      | Paralysed by Grinder for 6 turns
  5599 | D:4      | Paralysed by Grinder for 5 turns
  5603 | D:4      | HP: 1/66 [Grinder/nerve-wracking pain (13)]
  5614 | D:4      | Killed Grinder
  5615 | D:4      | Reached skill level 1 in Throwing
  5615 | D:4      | Reached XP level 7. HP: 25/74 MP: 8/10
  6311 | D:5      | Entered Level 5 of the Dungeon
  6921 | D:5      | Reached skill level 1 in Hexes
  7159 | D:5      | Reached XP level 8. HP: 72/83 MP: 9/11
  8313 | D:5      | Found an ornate altar of the Wu Jian Council.
  8694 | D:6      | Noticed a troll
  8739 | D:6      | Found Doira's Armour Shoppe.
  8770 | D:6      | Found Cuaxkuc's Jewellery Shop.
  8801 | D:6      | Reached skill level 5 in Maces & Flails
  9328 | D:6      | Learned a level 2 spell: Blink
  9610 | D:6      | Reached XP level 9. HP: 92/92 MP: 14/14
  9627 | D:6      | Found Punt's Weapon Shoppe.
  9709 | D:6      | a troll changed into a water moccasin
  9873 | D:6      | Found Kiequis's Jewellery Boutique.
  9877 | D:6      | Noticed Menkaure
  9882 | D:6      | Killed Menkaure
 10015 | D:6      | Identified the +1 leather armour of Zerphutwo {rC+}
 10081 | D:7      | Found a staircase to the Ecumenical Temple.
 10089 | Temple   | Entered the Ecumenical Temple
 10290 | Temple   | Became a worshipper of Hepliaklqana the Forgotten
 10376 | D:7      | Reached skill level 1 in Translocations
 11307 | D:8      | Identified a scroll of acquirement
 11307 | D:8      | Acquired 892 gold pieces
 11374 | D:6      | Bought the amulet "Soniogan" {Reflect Regen+ SH+5} for 481
                  | gold pieces
 11537 | D:7      | Reached skill level 5 in Dodging
 11674 | D:8      | Reached skill level 5 in Throwing
 11677 | D:8      | Noticed Grum
 11709 | D:7      | Reached XP level 10. HP: 94/102 MP: 12/16
 11991 | D:8      | Noticed Joseph
 12019 | D:8      | Killed Joseph
 12049 | D:8      | Acquired 946 gold pieces
 12072 | D:8      | Reached * piety under Hepliaklqana
 12174 | D:8      | Killed Grum
 12292 | D:8      | Noticed a two-headed ogre
 12317 | D:8      | Learned a level 1 spell: Slow
 12334 | D:8      | Killed a two-headed ogre
 12448 | D:8      | Noticed Harold
 12610 | D:8      | HP: 3/93 [Harold (2)]
 12612 | D:8      | Killed Harold
 13397 | D:9      | Noticed a two-headed ogre
 13965 | D:9      | Reached ** piety under Hepliaklqana
 13967 | D:9      | Remembered your ancestor Chitauli as a hexer
 14070 | D:9      | Reached XP level 11. HP: 99/99 MP: 17/17
 14725 | D:10     | Entered Level 10 of the Dungeon
 15223 | D:10     | Identified the +8 long sword of the Dead {freeze, rElec}
 15448 | D:10     | Found a staircase to the Lair.
 16013 | D:10     | Reached skill level 5 in Poison Magic
 16237 | D:11     | Reached skill level 5 in Air Magic
 16252 | D:11     | Learned a level 3 spell: Mephitic Cloud
 16258 | D:11     | Learned a level 5 spell: Manifold Assault
 16510 | D:11     | Reached *** piety under Hepliaklqana
 16526 | D:11     | Found a staircase to the Orcish Mines.
 16546 | D:11     | Reached XP level 12. HP: 106/110 MP: 18/18
 16571 | D:11     | Noticed a four-headed hydra
 16605 | D:11     | Noticed a two-headed ogre
 16608 | D:11     | Reached skill level 1 in Conjurations
 16639 | D:11     | Reached skill level 5 in Hexes
 16678 | D:11     | Killed a two-headed ogre
 17012 | D:11     | Killed a four-headed hydra
 17786 | Lair:1   | Entered Level 1 of the Lair of Beasts
 18324 | Lair:1   | Noticed a five-headed hydra
 18329 | Lair:1   | Killed a five-headed hydra
 18396 | Lair:1   | Reached **** piety under Hepliaklqana
 18581 | Lair:1   | Learned a level 1 spell: Apportation
 18643 | Lair:1   | Noticed a six-headed hydra
 18648 | Lair:1   | Killed a six-headed hydra
 18993 | Lair:2   | Noticed a seven-headed hydra
 19032 | Lair:2   | Killed a seven-headed hydra
 19035 | Lair:2   | Reached skill level 1 in Invocations
 19044 | Lair:2   | Reached skill level 10 in Fighting
 19127 | Lair:1   | Reached skill level 5 in Translocations
 19402 | Lair:2   | Reached XP level 13. HP: 106/119 MP: 7/19
 20220 | Lair:2   | Reached skill level 10 in Maces & Flails
 20821 | Lair:3   | Reached ***** piety under Hepliaklqana
 20976 | Lair:3   | Found a hole to the Spider Nest.
 21412 | Lair:4   | Noticed Nessos
 21418 | Lair:4   | HP: 3/121 [Nessos/arrow (27)]
 21418 | Lair:4   | Shot with an arrow by Nessos

Illustrated notes

Levels and vault maps discovered:
D:1:      minmay_arrival_four_houses, layout_loops_ring
D:2:      layout_basic
D:3:      kennysheep_goblin_castle, layout_basic,
          chequers_ecumenical_altar_simple_redux, uniq_natasha
D:4:      layout_rooms, serial_rivers, chequers_serial_rivers_small_b,
          chequers_serial_rivers_small_b, chequers_serial_rivers_room_a,
          chequers_serial_rivers_marsh, chequers_serial_rivers_micro_d,
          uniq_sigmund, uniq_grinder, uniq_robin
D:5:      layout_cave_pools, nicolae_wu_jian_immortal_techniques
D:6:      layout_loops_cross, serial_shops, nicolae_inconvenience_store,
          shop_statue, nicolae_shop_competitors_out_of_business,
          nicolae_shop_bloodbath_and_beyond, grunt_ministairs_13,
          lexackson_kobold_supper, uniq_menkaure
D:7:      layout_loops_ring, minmay_temple_entry_stoned_glass,
          hangedman_minor_gate_pass
D:8:      layout_gridville, minivault_1, minmay_crystal_water, minivault_26,
          mumra_transporter_accident, grunt_tough_drop, uniq_joseph,
          uniq_harold, uniq_grum
D:9:      layout_basic
D:10:     layout_loops_ring, minmay_lair_entry_grove, serial_co_window_serial,
          co_window_corner_a, co_window_paths_a, co_window_paths_a,
          co_window_paths_a, co_window_paths_a, co_window_broadway_c,
          co_window_corner_ca, co_window_corner_b, glass_columns_a,
          glass_columns_b, glass_columns_a, glass_columns_a, glass_columns_a,
          pond
D:11:     layout_layer_cave, david_orc_3
Temple:   minmay_crystal_snake_temple
Lair:1:   layout_hall_layers, chequers_serial_rivers_micro_e,
          serial_bayou_crossing
Lair:2:   layout_regular_city, kennysheep_abandoned_house
Lair:3:   layout_hall_layers, spider_nest_entry_web_field
Lair:4:   layout_loops_ring, elwin_shoals_entry_rooms, special_room
          [special_room_bee], uniq_nessos

Skill      XL: |  1  2  3  4  5  6  7  8  9 10 11 12 13 |
---------------+----------------------------------------+-----
Maces & Flails | 2 3 4 5 6 7 8 9 10 | 10.2
Dodging        | 3 4 5 6 7 |  7.5
Fighting       | 5 6 7 8 9 10 | 10.6
Spellcasting   | 1 2 3 4 |  4.0
Poison Magic   | 1 2 3 4 5 6 |  6.0
Air Magic      | 1 2 3 4 5 6 |  6.0
Throwing       | 1 2 3 5 6 7 8 |  8.7
Hexes          | 1 2 3 4 5 6 |  6.0
Translocations | 1 3 4 5 |  5.5
Conjurations   | 2 3 |  3.7
Invocations    | 1 3 |  3.2
Shields        | |  2.6

Action                   |  1- 3 |  4- 6 |  7- 9 | 10-12 | 13-15 || total
-------------------------+-------+-------+-------+-------+-------++-------
Melee: Flail             |   109 |   229 |    93 |       |       ||   431
       Whip              |       |       |   337 |   229 |       ||   566
       Morningstar       |       |       |       |   234 |   122 ||   356
       Dire flail        |       |       |       |    26 |       ||    26
Throw: Stone             |    70 |    77 |    17 |       |       ||   164
       Large rock        |       |     4 |     4 |    20 |    11 ||    39
       Boomerang         |       |       |    26 |    41 |       ||    67
       Throwing net      |       |       |       |     1 |       ||     1
 Cast: Poisonous Vapours |       |       |     4 |    81 |    29 ||   114
       Tukima's Dance    |       |       |       |    14 |       ||    14
       Slow              |       |       |       |       |     2 ||     2
       Blink             |       |       |       |       |     2 ||     2
Invok: Recall Ancestor   |       |       |       |     1 |       ||     1
       Ancestor Life: He |       |       |       |     1 |       ||     1
Evoke: Wand              |       |     3 |     5 |     1 |       ||     9
  Use: Scroll            |       |     7 |     6 |     6 |     1 ||    20
       Potion            |       |     5 |       |     1 |       ||     6
 Stab: Sleeping          |     1 |       |       |       |       ||     1
       Held in net/web   |       |       |       |     1 |       ||     1
       Confused          |       |       |       |     7 |     1 ||     8
       Distracted        |       |       |       |     2 |     3 ||     5
Armor: Robe              |    36 |    72 |    58 |       |       ||   166
       Troll leather arm |       |       |    55 |   142 |    10 ||   207
Dodge: Dodged            |    41 |    98 |   155 |   206 |    52 ||   552
Block: Kite shield       |    43 |    98 |   198 |   198 |       ||   537
       Reflection        |       |       |     1 |    13 |       ||    14
       Other             |       |       |       |    57 |    20 ||    77

Table legend: (Time is in decaauts)
 A = Elapsed time spent in this place.
 B = Non-inter-level travel time spent in this place.
 C = Inter-level travel time spent in this place.
 D = Time resting spent in this place.
 E = Time spent auto-exploring this place.
 F = Levels seen in this place.
 G = Mean time per level.
                   A        B        C        D        E       F      G
               +--------+--------+--------+--------+--------+-----+--------+
         Total |  21807 |  19637 |   2170 |   5060 |   9301 |  16 | 1362.9 |
       Dungeon |  17927 |  16199 |   1728 |   4713 |   6849 |  11 | 1629.7 |
        Temple |    214 |    175 |     39 |      0 |    155 |   1 |  214.0 |
          Lair |   3664 |   3261 |    403 |    347 |   2297 |   4 |  916.0 |
               +--------+--------+--------+--------+--------+-----+--------+

Top non-repeatable levels by time:
     D:4: 2688 daAuts
     D:3: 2061 daAuts
     D:8: 1870 daAuts
     D:2: 1672 daAuts
     D:6: 1556 daAuts
    D:10: 1469 daAuts
    D:11: 1418 daAuts
  Lair:1: 1400 daAuts
     D:9: 1395 daAuts
     D:1: 1357 daAuts
  Lair:2: 1302 daAuts
     D:5: 1221 daAuts
     D:7: 1218 daAuts
  Lair:3: 914 daAuts
  Temple: 214 daAuts
